 Dungeon Crawl Stone Soup version 0.24-a0-189-g5d897e9104 (webtiles) character file.

Game seed: 17524441762172264365

592945 Deemzul the Formicid Blade (level 27, -6/222 HPs)
             Began as a Formicid Fighter on Mar 17, 2019.
             Was the Champion of Wu Jian.
             Mangled by Antaeus (47 damage)
             ... on level 7 of Cocytus on Mar 18, 2019.
             The game lasted 02:33:41 (63442 turns).

Deemzul the Formicid Blade (Formicid Fighter)      Turns: 63442, Time: 02:33:42

Health: -6/222     AC: 47    Str: 40    XL:     27
Magic:  35/35      EV: 23    Int: 11    God:    Wu Jian [******]
Gold:   4193       SH: 27    Dex: 24    Spells: 26/26 levels left

rFire    + . .     SeeInvis +   q - +8 demon blade "Leech" {vamp, rN+ AC-3 EV-3}
rCold    + + +     Gourm    +   B - +0 large shield
rNeg     + . .     Faith    .   A - +9 scales of the Dragon King {rPois rF+ rC+ MR+}
rPois    +         Spirit   .   (helmet unavailable)
rElec    +         Reflect  .   v - +2 cloak {+Inv}
rCorr    .         Harm     .   k - +4 pair of gloves of the Unbroken {*Slow rPois Str+4 Dex+4}
MR       +++..     Clarity  +   m - +2 pair of boots {Fly}
Stlth    ..........             e - amulet "Reghyv" {Gourm Int+4 Stlth+}
HPRegen  0.47/turn              N - ring "Usugg" {+Fly rC++ Stlth-}
MPRegen  0.24/turn              R - ring of the Imp {rElec AC+4 Str+10 Dex-4 SInv}

@: agile, frozen, flying, very slow
A: permanent stasis, dig shafts and tunnels, four strong arms, antennae 3,
yellow scales 1, clarity
}: 3/15 runes: barnacled, silver, gossamer
a: Dig, Shaft Self, Wall Jump, Serpent's Lash, Heavenly Storm, Renounce
Religion, Evoke Invisibility, Stop Flying


You were on level 7 of Cocytus.
You worshipped Wu Jian.
Wu Jian was exalted by your worship.
You were not hungry.

You visited 11 branches of the dungeon, and saw 53 of its levels.
You visited the Abyss 1 time.
You visited 1 bazaar.
You also visited: Gauntlet.

You collected 7480 gold pieces.
You spent 3287 gold pieces at shops.

Inventory:

Hand Weapons
 q - the +8 demon blade "Leech" (weapon) {vamp, rN+ AC-3 EV-3}
   (You took it off a deep elf mage on level 3 of the Elven Halls)

   It inflicts no extra harm, but heals its wielder when it wounds a living foe.
   It affects your AC (-3).
   It affects your evasion (-3).
   It protects you from negative energy.
 H - a +3 triple sword
Missiles
 l - 7 poisoned javelins
 o - 9 javelins of returning
 S - 19 steel javelins (quivered)
Armour
 k - the +4 pair of gloves of the Unbroken (worn) {*Slow rPois Str+4 Dex+4}
   (You found it on level 3 of the Elven Halls)

   It affects your strength (+4).
   It affects your dexterity (+4).
   It protects you from poison.
   It may slow you when you take damage.
 m - a +2 pair of boots of flying (worn)
 r - the +3 large shield of Refuge {rPois rF+ MR- Dex+6}
   (You bought it in a shop in a bazaar)

   It affects your dexterity (+6).
   It protects you from fire.
   It protects you from poison.
   It affects your resistance to hostile enchantments.
 v - a +2 cloak of invisibility (worn)
 A - the +9 scales of the Dragon King (worn) {rPois rF+ rC+ MR+}
   (You found it on level 4 of the Depths)

   It protects you from fire.
   It protects you from cold.
   It protects you from poison.
   It affects your resistance to hostile enchantments.
 B - a +0 large shield (worn)
Jewellery
 e - the amulet "Reghyv" (around neck) {Gourm Int+4 Stlth+}
   (You found it on level 3 of the Spider Nest)

   [amulet of the gourmand]

   It allows you to eat raw meat even when not hungry.
   It affects your intelligence (+4).
   It makes you more stealthy.
 h - a +4 amulet of reflection
 G - an uncursed ring of poison resistance
 N - the ring "Usugg" (left hand) {+Fly rC++ Stlth-}
   (You found it on level 5 of the Depths)

   [ring of attention]

   It greatly protects you from cold.
   It lets you fly.
   It makes you less stealthy.
 R - the ring of the Imp (right hand) {rElec AC+4 Str+10 Dex-4 SInv}
   (You found it in a Gauntlet)

   [ring of protection]

   It affects your AC (+4).
   It affects your strength (+10).
   It affects your dexterity (-4).
   It insulates you from electricity.
   It lets you see invisible.
Wands
 c - a wand of acid (14)
 y - a wand of digging (22)
 I - a wand of disintegration (25)
 P - a wand of iceblast (37)
 T - a wand of polymorph (23)
 W - a wand of scattershot (14)
 X - a wand of paralysis (54)
 Z - a wand of enslavement (41)
Scrolls
 b - 22 scrolls of identify
 j - 8 scrolls of fear
 p - 6 scrolls of magic mapping
 J - 6 scrolls of fog
 O - 14 scrolls of remove curse
Potions
 d - 3 potions of might
 t - 5 potions of invisibility
 u - 4 potions of cancellation
 w - 7 potions of agility
 z - 10 potions of heal wounds
 D - 11 potions of ambrosia
 E - 3 potions of resistance
 F - 22 potions of curing
Miscellaneous
 a - 3 phantom mirrors
 n - the horn of Geryon (inert)
 x - a lamp of fire (inert)
 K - a lightning rod (4/4)
 L - a phial of floods
 U - 2 boxes of beasts
 V - 4 sacks of spiders
Comestibles
 f - 105 rations


   Skills:
 + Level 19.4 Fighting
 * Level 24.0 Long Blades
 + Level 14.4 Throwing
 + Level 18.7 Armour
 + Level 16.0 Dodging
 - Level 6.8 Stealth
 + Level 20.0 Shields
 + Level 17.1 Evocations


You had 26 spell levels left.
You didn't know any spells.
Your spell library contained the following spells:

 Spells                   Type           Power        Failure   Level  Hunger
 Animate Skeleton         Necr           N/A          92%         1    ##.....
 Apportation              Tloc           #.....       92%         1    ##.....
 Beastly Appendage        Tmut           #.....       92%         1    ##.....
 Confusing Touch          Hex            #.....       92%         1    ##.....
 Corona                   Hex            #......      92%         1    ##.....
 Flame Tongue             Conj/Fire      #....        92%         1    ##.....
 Freeze                   Ice            #...         92%         1    ##.....
 Magic Dart               Conj           #...         92%         1    ##.....
 Pain                     Necr           #...         92%         1    ##.....
 Sandblast                Erth           #.....       92%         1    ##.....
 Shock                    Conj/Air       #...         92%         1    ##.....
 Sting                    Conj/Pois      #...         92%         1    ##.....
 Summon Butterflies       Summ           #.......     92%         1    ##.....
 Summon Small Mammal      Summ           #...         92%         1    ##.....
 Call Imp                 Summ           #.......     98%         2    ###....
 Corpse Rot               Necr           N/A          98%         2    ###....
 Ensorcelled Hibernation  Hex/Ice        #.....       98%         2    ###....
 Passwall                 Tmut/Erth      #.......     98%         2    ###....
 Poisonous Vapours        Pois/Air       #.....       98%         2    ###....
 Slow                     Hex            #.......     98%         2    ###....
 Sticks to Snakes         Tmut           #.......     98%         2    ###....
 Sublimation of Blood     Necr           #.........   98%         2    ###....
 Swiftness                Chrm/Air       #.......     98%         2    ###....
 Call Canine Familiar     Summ           #.......     100%        3    ####...
 Confuse                  Hex            #.......     100%        3    ####...
 Conjure Flame            Conj/Fire      #.......     100%        3    ####...
 Dazzling Spray           Conj/Hex       #.....       100%        3    ####...
 Gell's Gravitas          Tloc           #.........   100%        3    ####...
 Ignite Poison            Fire/Tmut/Pois #.......     100%        3    ####...
 Lesser Beckoning         Tloc           #.........   100%        3    ####...
 Mephitic Cloud           Conj/Pois/Air  #.......     100%        3    ####...
 Portal Projectile        Hex/Tloc       #.....       100%        3    ####...
 Recall                   Summ/Tloc      N/A          100%        3    ####...
 Regeneration             Chrm/Necr      #.........   100%        3    ####...
 Spectral Weapon          Hex/Chrm       #.......     100%        3    ####...
 Spider Form              Tmut/Pois      #.........   100%        3    ####...
 Static Discharge         Conj/Air       #.......     100%        3    ####...
 Stone Arrow              Conj/Erth      #.....       100%        3    ####...
 Summon Guardian Golem    Hex/Summ       #.......     100%        3    ####...
 Tukima's Dance           Hex            #.......     100%        3    ####...
 Vampiric Draining        Necr           #.........   100%        3    ####...
 Airstrike                Air            #.........   100%        4    #####..
 Animate Dead             Necr           N/A          100%        4    #####..
 Cause Fear               Hex            #.........   100%        4    #####..
 Force Lance              Conj/Tloc      #.......     100%        4    #####..
 Fulminant Prism          Conj/Hex       #.........   100%        4    #####..
 Ice Form                 Ice/Tmut       #.......     100%        4    #####..
 Leda's Liquefaction      Hex/Erth       #.........   100%        4    #####..
 Olgreb's Toxic Radiance  Pois           #.......     100%        4    #####..
 Petrify                  Tmut/Erth      #.......     100%        4    #####..
 Summon Ice Beast         Ice/Summ       #.......     100%        4    #####..
 Summon Lightning Spire   Summ/Air       #.......     100%        4    #####..
 Agony                    Necr           #.......     100%        5    ######.
 Alistair's Intoxication  Tmut/Pois      #.......     100%        5    ######.
 Aura of Abjuration       Summ           #.........   100%        5    ######.
 Blade Hands              Tmut           #.........   100%        5    ######.
 Bolt of Draining         Conj/Necr      #.........   100%        5    ######.
 Bolt of Magma            Conj/Fire/Erth #.........   100%        5    ######.
 Borgnjor's Vile Clutch   Necr/Erth      #.........   100%        5    ######.
 Dispel Undead            Necr           #.......     100%        5    ######.
 Excruciating Wounds      Chrm/Necr      #.........   100%        5    ######.
 Irradiate                Conj/Tmut      #.........   100%        5    ######.
 Iskenderun's Battlesphe  Conj/Chrm      #.......     100%        5    ######.
 Lee's Rapid Deconstruct  Erth           #.........   100%        5    ######.
 Lightning Bolt           Conj/Air       #.........   100%        5    ######.
 Metabolic Englaciation   Hex/Ice        #.........   100%        5    ######.
 Silence                  Hex/Air        #.........   100%        5    ######.
 Venom Bolt               Conj/Pois      #.........   100%        5    ######.
 Yara's Violent Unravell  Hex/Tmut       #.........   100%        5    ######.
 Darkness                 Hex            #.........   100%        6    #######
 Deflect Missiles         Chrm/Air       #.........   100%        6    #######
 Dispersal                Tloc           #.........   100%        6    #######
 Freezing Cloud           Conj/Ice/Air   #.........   100%        6    #######
 Invisibility             Hex            #.......     100%        6    #######
 Iron Shot                Conj/Erth      #.........   100%        6    #######
 Shadow Creatures         Summ           N/A          100%        6    #######
 Statue Form              Tmut/Erth      #........    100%        6    #######
 Orb of Destruction       Conj           #.........   100%        7    #######
 Discord                  Hex            #.........   100%        8    #######
 Disjunction              Tloc           #.........   100%        8    #######
 Shatter                  Erth           #.........   100%        9    #######
 Blink                    Tloc           Unusable     N/A         2    N/A
 Controlled Blink         Tloc           Unusable     N/A         8    N/A

Dungeon Overview and Level Annotations

Branches:
Dungeon (15/15)            Temple (1/1) D:5            Lair (6/6) D:10
 Shoals (4/4) Lair:4       Spider (4/4) Lair:4        Slime (0/5) Lair:5
    Orc (2/2) D:11            Elf (3/3) Orc:2        Vaults (5/5) D:14
  Crypt (0/3) Vaults:3     Depths (5/5) D:15           Hell (1/1)
    Dis (0/7) Hell            Geh (0/7) Hell            Coc (7/7) Hell
    Zot (0/5) Depths:5
    Tar: Hell:1

Altars:
Ashenzari
Cheibriados
Dithmenos
Elyvilon
Fedhas
Gozag
Hepliaklqana
Kikubaaqudgha
Makhleb
Nemelex Xobeh
Okawaru
Qazlal
Ru
Sif Muna
Trog
Uskayaw
Vehumet
Wu Jian
Xom
Yredelemnul
Zin
The Shining One
Beogh
Lugonu

Shops:
D:5 [   D:10 ?   D:11 *   D:12 (   D:15 !   Orc:1 !   Orc:2 ?[:**%   Elf:1 }*
Shoals:2 =   Vaults:1 :   Vaults:5 ?   Depths:2 }*(   Depths:3 (:

Portals:
Hell: Lair:6 Depths:1 Depths:2 Depths:3 Depths:4 Depths:5
Abyss: Depths:3 Depths:4
Pandemonium: Orc:2 Depths:3 Depths:4
Ziggurat: Depths:2
Trove: Elf:2 (give +4 fire dragon scales)

Annotations:
Lair:1 Gastronok
Lair:2 exclusion: oklob plant
Elf:1 6 runed translucent doors
Elf:2 3 runed translucent doors
Coc:7 Antaeus


Innate Abilities, Weirdness & Mutations

You cannot be hasted, slowed, berserked, paralysed or teleported.
You can dig through walls and to a lower floor.
Your four strong arms can wield two-handed weapons with a shield.
You have a pair of large antennae on your head. (SInv)
You are partially covered in yellow scales. (AC +2)
You possess an exceptional clarity of mind.


Message History

You slash Antaeus!
Antaeus is moderately wounded.
You block the hell beast's attack. The hell beast misses you.
You block the hell beast's attack. The hell beast completely misses you.
Antaeus is engulfed in blazing flames.
Antaeus gestures at you. The flash freeze hits you. You partially resist.
* * * LOW HITPOINT WARNING * * *
You are encased in ice.
You slice Antaeus!!
Antaeus is moderately wounded.
You block the hell beast's attack. The hell beast completely misses you.
You block the hell beast's attack. The hell beast completely misses you.
Unknown command.
You slash Antaeus!
Antaeus is moderately wounded.
The hell beast bites you but does no damage.
You block the hell beast's attack.
Antaeus is engulfed in blazing flames.
Antaeus hits you!!!
You die...

### ##.... ..##....
#..§.... ##.§§...
##.§.§... ### #..1§§§.#
######... #§.§.#
###........
#.C2#####..........
#.#@.##..........≈≈ #C
##2.#..........≈≈ #
##.#.........≈≈≈
#....†......≈≈≈ {{
###.....÷...≈≈≈≈≈
##...........≈≈≈≈4
##...........≈≈≈≈≈.
####............≈≈≈≈≈≈
##.............≈≈≈≈≈≈≈≈≈


You could see Antaeus, an Ice Fiend and 2 hell beasts.

Vanquished Creatures
  8 shard shrikes
  Margery (Vaults:5)
  Frederick (Depths:4)
  Geryon (Hell)
  Nikola (Shoals:1)
  5 golden dragons
  A caustic shrike (Depths:4)
  the Enchantress (Depths:4)
  3 bone dragons
  Arachne (Spider:4)
  Jorgrun (Spider:2)
  5 tentacled monstrosities
  6 Ice Fiends
  5 liches
  2 deep elf master archers (Elf:3)
  4 titans
  5 large abominations
  2 deep elf blademasters (Elf:3)
  A quicksilver dragon (Vaults:5)
  Frances (Spider:2)
  A tentacled starspawn (Abyss:3)
  2 ancient champions (Hell)
  10 sphinxes
  4 shadow dragons
  Roxanne (Spider:2)
  A kraken (Shoals:4)
  9 tengu reavers
  4 storm dragons
  9 fire giants
  2 balrugs
  12 frost giants
  10 vault wardens
  2 iron dragons (Vaults:5)
  8 deep elf sorcerers
  Aizul (Shoals:3)
  3 ghost moths
  6 deep elf elementalists
  3 emperor scorpions
  A draconian stormcaller (Depths:5)
  4 spriggan defenders (Depths:4)
  A draconian annihilator (Depths:5)
  15 stone giants
  11 reapers
  15 ironheart preservers
  4 entropy weavers
  17 very ugly things
  2 war gargoyles (Hell)
  8 deep elf demonologists
  Azrael (Spider:3)
  A vampire knight (Depths:3)
  10 deep elf annihilators
  3 red draconians (Depths:5)
  5 spark wasps
  A white draconian (Depths:5)
  3 black draconians (Depths:5)
  A minotaur (Gauntlet)
  The ghost of Vich the Severer, a journeyman MiBe of Trog (Orc:1)
  2 lorocyprocas
  14 blizzard demons
  A crystal guardian (Vaults:4)
  5 deep elf death magi
  2 merfolk javelineers
  9 ettins
  A quicksilver dragon zombie (Coc:5)
  11 merfolk impalers
  7 great orbs of eyes
  9 deep elf high priests
  18 yaktaur captains
  7 fire dragons
  33 vault guards
  5 hydras
  31 ice dragons
  A quicksilver dragon skeleton (Coc:2)
  6 rakshasas
  A hell beast (Lair:6)
  2 alligator snapping turtles
  3 spriggan air magi (Depths:4)
  3 merfolk avatars
  14 centaur warriors
  7 merfolk aquamancers
  A two-headed ogre (shapeshifter) (Vaults:5)
  A catoblepas (Lair:5)
  12 deep troll earth magi
  32 two-headed ogres
  15 ogre magi
  18 dancing weapons
  4 satyrs
  10 deep troll shamans
  11 orc high priests
  3 vampire magi
  Urug (Lair:5)
  A storm dragon zombie (Coc:1)
  5 sun demons
  2 iron golems (Hell)
  2 titan zombies
  15 deep elf knights
  8 spriggan berserkers
  3 titan skeletons
  11 soul eaters
  3 iron trolls
  A shadow wraith (Vaults:4)
  A fire crab (shapeshifter) (Depths:2)
  A salamander mystic (Depths:5)
  44 skeletal warriors
  27 hell knights
  29 deep trolls
  3 unseen horrors (Depths:3)
  A storm dragon skeleton (Coc:2)
  2 torturous demonspawn
  A golden dragon zombie (Coc:5)
  2 flayed ghosts
  A ghost moth zombie (Coc:1)
  An unseen horror (shapeshifter) (Vaults:4)
  6 anaconda zombies
  11 sea snakes
  3 glowing orange brains
  5 deep elf archers
  A swamp dragon (shapeshifter) (Vaults:4)
  3 phantasmal warriors
  2 gelid demonspawn (Orc:2)
  11 ironbrand convokers
  4 anaconda skeletons
  19 orc knights
  Pikel (D:9)
  20 harpies
  An orange crystal statue (Depths:2)
  9 wizards
  2 shadow dragon zombies
  An orc sorcerer (Orc:2)
  11 necromancers
  A sphinx zombie (Depths:4)
  22 orb spiders
  5 shadow dragon skeletons
  10 cyclopes
  39 wolf spiders
  18 fauns
  A tengu skeleton (Vaults:3)
  2 stone giant zombies
  29 ugly things
  49 deep elf magi
  11 manticores
  3 frost giant zombies
  2 moths of wrath (Spider:4)
  A moth of wrath (shapeshifter) (Vaults:3)
  2 salamanders (Depths:5)
  2 fire giant skeletons
  2 stone giant skeletons
  9 rust devils
  2 iron dragon skeletons
  2 elephants
  2 black mambas (Lair:6)
  5 merfolk sirens
  12 vault sentinels
  4 ice statues
  Psyche (D:12)
  A shock serpent zombie (Coc:2)
  2 frost giant skeletons
  An eye of devastation (Orc:2)
  A smoke demon (Lair:6)
  2 water nymphs (Shoals:4)
  A guardian serpent (shapeshifter) (Vaults:1)
  A spiny frog (shapeshifter) (Vaults:2)
  12 spiny frogs
  4 orange demons
  An eye of devastation (shapeshifter) (Depths:5)
  2 dire elephant skeletons
  A gargoyle (D:10)
  A komodo dragon (shapeshifter) (Depths:2)
  4 emperor scorpion zombies
  2 minotaur zombies (Gauntlet)
  48 yaktaurs
  30 freezing wraiths
  9 komodo dragons
  3 anaconda simulacra
  7 rime drakes
  An efreet (D:15)
  9 demonic crawlers
  10 tormentors
  31 ice devils
  A white draconian skeleton (Coc:2)
  2 hellwings
  3 yaktaur skeletons (Vaults:3)
  2 tengu conjurers
  A queen bee (Lair:3)
  Grinder (D:3)
  A meliai (shapeshifter) (Vaults:1)
  A purple draconian skeleton (Coc:7)
  12 hydra zombies
  7 red devils
  10 trolls
  A queen bee (shapeshifter) (D:15)
  7 wind drakes
  24 merfolk
  36 slime creatures
  21 jumping spiders
  10 hornets
  A hornet (shapeshifter) (Depths:3)
  6 bog bodies (Coc:7)
  A wolf spider simulacrum (Gauntlet)
  10 blink frogs
  A slime creature (shapeshifter) (Vaults:5)
  16 dream sheep
  7 hydra skeletons
  2 sphinx simulacra
  4 alligator zombies
  An elf zombie (Depths:4)
  A fire dragon zombie (Coc:5)
  An iron dragon simulacrum (Coc:1)
  4 polar bears
  An ice dragon zombie (Coc:5)
  13 snapping turtles
  21 hippogriffs
  A fire giant simulacrum (Depths:4)
  2 ettin zombies
  2 ettin skeletons
  2 air elementals
  A shock serpent simulacrum (Coc:2)
  52 flying skulls
  A ynoxinul (Orc:2)
  37 tarantellas
  3 spriggans (Depths:4)
  An elf skeleton (Depths:4)
  3 alligator skeletons
  78 redbacks
  2 shadows
  51 yaks
  Sigmund (D:5)
  28 water elementals
  3 fire dragon skeletons
  5 wraiths
  6 wyverns
  Eustachio (D:4)
  A vampire (D:11)
  An orc simulacrum (Vaults:2)
  A fire bat (shapeshifter) (Vaults:5)
  7 fire elementals
  2 neqoxecs
  2 humans (shapeshifter)
  3 vampire mosquitoes (D:13)
  7 basilisks
  2 hungry ghosts
  2 chaos spawn
  2 steam dragons (Lair:3)
  7 wargs
  A warg (shapeshifter) (Vaults:5)
  Edmund (D:3)
  A swamp worm (shapeshifter) (Depths:2)
  2 spiny frog zombies
  3 acid dragons
  10 porcupines
  A deep troll skeleton (Vaults:3)
  23 water moccasins
  3 hydra simulacra
  17 hell hounds
  A floating eye (Depths:3)
  A black bear (shapeshifter) (Depths:1)
  3 spiny frog skeletons
  2 snapping turtle zombies
  54 orc warriors
  8 ice beasts
  4 sky beasts
  An ettin simulacrum (Coc:6)
  45 ogres
  4 phantoms
  2 necrophages
  5 boggarts (Depths:2)
  4 black bears
  2 alligator simulacra (Coc:6)
  A snapping turtle skeleton (Coc:3)
  15 crocodiles
  14 wolves
  23 centaurs
  A big kobold (D:11)
  A bullfrog (shapeshifter) (Depths:4)
  12 bullfrogs
  4 human skeletons (Vaults:3)
  2 earth elementals
  A spiny frog simulacrum (Coc:1)
  2 scorpions
  40 killer bees
  A troll zombie (D:11)
  31 wights
  6 electric eels
  12 crimson imps
  3 centaur zombies
  A bullfrog zombie (D:8)
  A lava snake (Lair:3)
  A human zombie (Coc:2)
  15 jellies
  3 quasits (D:11)
  37 orc priests
  6 hounds
  25 orc wizards
  4 centaur skeletons
  Natasha (D:3)
  4 iguanas
  5 hell rats (Hell)
  6 worker ants
  8 small abominations (Depths:3)
  7 ogre zombies (D:11)
  2 centaur simulacra
  2 hound zombies
  4 human simulacra
  2 hound skeletons
  2 mummies
  2 worker ant zombies
  7 gnolls
  2 howler monkey skeletons
  6 adders
  A hound simulacrum (D:8)
  10 shadow imps
  9 white imps
  A worker ant simulacrum (D:8)
  3 ufetubi (D:8)
  An adder zombie (D:6)
  An ooze (Lair:5)
  An adder skeleton (D:7)
  3 worms
  5 dart slugs
  3 leopard geckos
  116 orcs
  A ball python (D:6)
  9 giant cockroaches
  5 goblins
  3 hobgoblins
  6 jackals
  2 quokkas
  7 bats
  5 frilled lizards
  3 goblin zombies (D:11)
  A hobgoblin skeleton (D:11)
  2 hobgoblin zombies (D:11)
  8 kobolds
  A leopard gecko skeleton (D:4)
  7 orc skeletons (D:11)
  12 orc zombies (D:11)
  3 quokka skeletons
  8 rats
  A crawling corpse (Vaults:5)
  2 starspawn tentacles (Abyss:3)
  2 tentacles (Shoals:4)
2550 creatures vanquished.

Vanquished Creatures (collateral kills)
  A merfolk avatar (Shoals:4)
  A manticore (Shoals:4)
  A cyclops (Shoals:4)
  A merfolk (Shoals:4)
  4 blink frogs (Lair:6)
  A centaur (Shoals:4)
9 creatures vanquished.

Vanquished Creatures (others)
  A tengu reaver (Vaults:5)
  A shadow dragon (Vaults:5)
  A vault warden (Vaults:5)
  A frost giant (Depths:3)
  A war gargoyle (Vaults:5)
  2 elemental wellsprings (Coc:7)
  3 blizzard demons (Coc:7)
  A vault guard (Vaults:5)
  A two-headed ogre (Vaults:5)
  An anaconda zombie (Hell)
  An unseen horror (D:15)
  3 deep elf archers
  An orb spider (Spider:2)
  An orc sorcerer (Vaults:5)
  A deep elf mage (Vaults:5)
  A vault sentinel (Vaults:5)
  An alligator zombie (Coc:7)
  4 flying skulls
  2 spiny frog skeletons
  A killer bee (Lair:3)
  2 crimson imps
  An orc priest (Elf:1)
  2 orcs
  4 fungi
  8 plants
  15 tentacles (Shoals:4)
  4 withered plants (Gauntlet)
65 creatures vanquished.

Grand Total: 2624 creatures vanquished

Notes
Turn   | Place    | Note
-------+----------+-------------------------------------------
     0 | D:1      | Deemzul the Formicid Fighter began the quest for the Orb.
     0 | D:1      | Reached XP level 1. HP: 18/18 MP: 1/1
   270 | D:1      | Reached XP level 2. HP: 24/24 MP: 2/2
   925 | D:2      | Found a stormy altar of Qazlal.
   951 | D:2      | Reached XP level 3. HP: 27/29 MP: 3/3
  1149 | D:2      | You fall through a shaft!
  1153 | D:3      | Gained mutation: You are partially covered in yellow
                  | scales. (AC +2) [potion of mutation]
  1153 | D:3      | Gained mutation: You possess an exceptional clarity of
                  | mind. [potion of mutation]
  1666 | D:2      | Reached XP level 4. HP: 28/36 MP: 4/4
  1708 | D:2      | Found a sparkling altar of Nemelex Xobeh.
  1768 | D:2      | Reached skill level 1 in Dodging
  1784 | D:2      | Found a sacrificial altar of Ru.
  1874 | D:2      | Reached skill level 3 in Long Blades
  2358 | D:3      | Found a faded altar of an unknown god.
  2642 | D:3      | Reached XP level 5. HP: 37/42 MP: 5/5
  2708 | D:3      | Noticed Grinder
  2882 | D:4      | Noticed Edmund
  2886 | D:4      | Noticed Eustachio
  3379 | D:4      | Reached XP level 6. HP: 33/48 MP: 6/6
  3441 | D:4      | Killed Eustachio
  3441 | D:4      | Reached skill level 4 in Long Blades
  4143 | D:4      | Reached XP level 7. HP: 55/55 MP: 7/7
  4244 | D:5      | Entered Level 5 of the Dungeon
  4678 | D:5      | Found a sparkling altar of Nemelex Xobeh.
  4691 | D:5      | Reached skill level 5 in Shields
  4897 | D:5      | Reached skill level 5 in Long Blades
  4945 | D:5      | Noticed Sigmund
  4960 | D:5      | Killed Sigmund
  4960 | D:5      | Reached skill level 5 in Fighting
  4960 | D:5      | Reached skill level 5 in Armour
  4960 | D:5      | Reached XP level 8. HP: 33/62 MP: 8/8
  5325 | D:5      | Found a staircase to the Ecumenical Temple.
  5331 | D:5      | Found Rotam's Antique Armour Shop.
  5344 | Temple   | Entered the Ecumenical Temple
  5615 | Temple   | Became a worshipper of the Wu Jian Council
  5842 | D:5      | Found a snail-covered altar of Cheibriados.
  5844 | D:5      | Found a deep blue altar of Sif Muna.
  5845 | D:5      | Found a glowing silver altar of Zin.
  5847 | D:5      | Found an iron altar of Okawaru.
  6137 | D:6      | Reached skill level 6 in Long Blades
  6231 | D:6      | Found a white marble altar of Elyvilon.
  6292 | D:6      | Reached skill level 1 in Stealth
  6292 | D:6      | Reached XP level 9. HP: 69/69 MP: 9/9
  6313 | D:6      | Reached skill level 1 in Evocations
  7074 | D:3      | Killed Edmund
  7095 | D:3      | Killed Grinder
  7095 | D:3      | Reached * piety under Wu Jian
  7235 | D:3      | Noticed Natasha
  7242 | D:3      | Killed Natasha
  7405 | D:3      | Found a deep blue altar of Sif Muna.
  7559 | D:7      | Reached skill level 7 in Long Blades
  7999 | D:7      | Noticed a hippogriff
  8016 | D:7      | Killed a hippogriff
  8105 | D:7      | Found a glowing golden altar of the Shining One.
  8319 | D:8      | Noticed a hippogriff
  8414 | D:8      | Reached XP level 10. HP: 62/77 MP: 12/12
  8490 | D:8      | Found a shimmering altar of Xom.
  8491 | D:8      | Found a shimmering altar of Xom.
  8546 | D:8      | Found an ancient bone altar of Kikubaaqudgha.
  8648 | D:8      | Reached ** piety under Wu Jian
  8880 | D:8      | Reached skill level 8 in Long Blades
 10161 | D:9      | Reached skill level 5 in Dodging
 10161 | D:9      | Reached skill level 5 in Stealth
 10173 | D:9      | Found a radiant altar of Vehumet.
 10174 | D:9      | Found a burning altar of Makhleb.
 10479 | D:9      | Reached *** piety under Wu Jian
 10510 | D:9      | Noticed Pikel
 10534 | D:9      | Killed Pikel
 10534 | D:9      | Reached XP level 11. HP: 68/84 MP: 14/14
 10609 | D:10     | Entered Level 10 of the Dungeon
 10610 | D:10     | Found Raonuuw's Magic Scroll Emporium.
 10823 | D:9      | Reached skill level 9 in Long Blades
 11466 | D:10     | Reached skill level 5 in Evocations
 11571 | D:10     | Noticed a two-headed ogre
 11868 | D:10     | Found a staircase to the Lair.
 12045 | D:10     | Killed a two-headed ogre
 12660 | D:11     | Noticed a cyclops
 12862 | D:11     | Reached **** piety under Wu Jian
 13207 | D:11     | Found a staircase to the Orcish Mines.
 13212 | D:11     | Found Nubet's General Store.
 13398 | D:11     | You fall through a shaft!
 13607 | D:12     | Reached XP level 12. HP: 90/93 MP: 16/16
 13632 | D:12     | Found Nyah's Weapon Boutique.
 13653 | D:12     | Reached skill level 10 in Long Blades
 13822 | D:11     | Identified the Guide on Flight and Intoxication
 13826 | D:11     | Reached ***** piety under Wu Jian
 14688 | D:11     | Reached skill level 11 in Long Blades
 14959 | Orc:1    | Entered Level 1 of the Orcish Mines
 15320 | Orc:1    | Found Tomecs's Distillery.
 15328 | Orc:1    | Bought a potion of curing for 36 gold pieces
 15634 | Orc:1    | Found a runed translucent gate.
 15634 | Orc:1    | Found a runed translucent gate.
 15635 | Orc:1    | Found a runed translucent gate.
 15636 | Orc:1    | Noticed an orc high priest
 15636 | Orc:1    | Identified the +4 plate armour of Geckat Vutsu {rC- rN+
                  | Int+4}
 15637 | Orc:1    | Noticed Vich's ghost (journeyman MiBe)
 15640 | Orc:1    | Found a roughly hewn altar of Beogh.
 16101 | Orc:2    | Entered Level 2 of the Orcish Mines
 16101 | Orc:2    | Found a staircase to the Elven Halls.
 16172 | Orc:2    | Found a gate leading to a gauntlet.
 16200 | Gauntlet | Entered a Gauntlet
 16200 | Gauntlet | Found a transporter.
 16216 | Gauntlet | Found a transporter.
 16218 | Gauntlet | Noticed a soul eater
 16226 | Gauntlet | Found a transporter.
 16231 | Gauntlet | Found a transporter.
 16246 | Gauntlet | Found a transporter.
 16265 | Gauntlet | Found a transporter.
 16277 | Gauntlet | Found a transporter.
 16290 | Gauntlet | Noticed a glowing orange brain
 16292 | Gauntlet | Found a transporter.
 16295 | Gauntlet | Noticed a glowing orange brain
 16304 | Gauntlet | Found a transporter.
 16312 | Gauntlet | Found a large runed translucent door.
 16313 | Gauntlet | Found a large runed translucent door.
 16314 | Gauntlet | Found a large runed translucent door.
 16314 | Gauntlet | Found a large runed translucent door.
 16315 | Gauntlet | Found a runed translucent gate.
 16316 | Gauntlet | Found a transporter.
 16316 | Gauntlet | Found a runed translucent gate.
 16316 | Gauntlet | Noticed a reaper
 16317 | Gauntlet | Found a runed translucent gate.
 16318 | Gauntlet | Found a large runed translucent door.
 16318 | Gauntlet | Found a large runed translucent door.
 16319 | Gauntlet | Found a large runed translucent door.
 16320 | Gauntlet | Found a large runed translucent door.
 16330 | Gauntlet | Found a large runed translucent door.
 16330 | Gauntlet | Found a large runed translucent door.
 16330 | Gauntlet | Found a runed translucent door.
 16330 | Gauntlet | Found a runed translucent door.
 16331 | Gauntlet | Found a large runed translucent door.
 16332 | Gauntlet | Found a large runed translucent door.
 16334 | Gauntlet | Found a transporter.
 16341 | Gauntlet | Found a large runed translucent door.
 16341 | Gauntlet | Found a large runed translucent door.
 16342 | Gauntlet | Found a large runed translucent door.
 16343 | Gauntlet | Found a large runed translucent door.
 16351 | Gauntlet | Found a transporter.
 16353 | Gauntlet | Found a transporter.
 16382 | Gauntlet | Found a transporter.
 16384 | Gauntlet | Found a transporter.
 16386 | Gauntlet | Found a transporter.
 16408 | Gauntlet | Found a transporter.
 16410 | Gauntlet | Found a transporter.
 16501 | Gauntlet | Killed a soul eater
 16501 | Gauntlet | Reached skill level 12 in Long Blades
 16851 | Gauntlet | Reached skill level 10 in Fighting
 16881 | Gauntlet | Got a flickering copper ring
 16887 | Gauntlet | Identified the ring of the Imp {rElec AC+4 Str+10 Dex-4
                  | SInv} (You found it in a Gauntlet)
 16991 | Gauntlet | Noticed a minotaur
 17016 | Gauntlet | Killed a minotaur
 17016 | Gauntlet | Reached XP level 13. HP: 68/103 MP: 17/17
 17313 | Orc:2    | Noticed Nessos
 17319 | Orc:2    | Noticed Nessos
 17319 | Orc:2    | Nessos changed into Nessos the eye of devastation
 17327 | Orc:2    | Killed Nessos the eye of devastation
 17825 | Orc:2    | Found Asentaov's Magic Scroll Shoppe.
 17874 | Orc:2    | Bought a scroll of fear for 45 gold pieces
 17880 | Orc:2    | Found Xuppei Geid's General Store.
 18215 | Orc:2    | Found Sianop's General Store.
 18216 | Orc:2    | Found Syubloutt's Food Shoppe.
 18234 | Orc:2    | Reached ****** piety under Wu Jian
 18249 | Orc:2    | Reached skill level 13 in Long Blades
 18603 | Orc:2    | Bought a potion of heal wounds for 85 gold pieces
 19263 | Orc:2    | Found a roughly hewn altar of Beogh.
 19740 | Orc:2    | Reached skill level 10 in Shields
 19945 | Orc:2    | Reached XP level 14. HP: 104/113 MP: 15/18
 20563 | Orc:2    | Found Ydueckawk's Book Shop.
 20563 | Orc:2    | Found a one-way gate leading to the halls of Pandemonium.
 20563 | Orc:2    | Found Heuvovauhoh's Antique Armour Boutique.
 20588 | Orc:2    | Bought a pair of glowing boots for 270 gold pieces
 20858 | Orc:1    | Reached skill level 14 in Long Blades
 20942 | Orc:1    | Killed Vich's ghost
 21442 | D:12     | Noticed Psyche
 21446 | D:12     | Killed Psyche
 21962 | D:13     | Reached skill level 10 in Armour
 22709 | D:14     | Found a glowing silver altar of Zin.
 22935 | Lair:1   | Entered Level 1 of the Lair of Beasts
 23380 | Lair:1   | Noticed Gastronok
 24589 | D:15     | Entered Level 15 of the Dungeon
 24629 | D:15     | Found Mikhap's Distillery.
 24731 | D:15     | Reached XP level 15. HP: 109/120 MP: 19/19
 25315 | Lair:2   | Reached skill level 15 in Long Blades
 25547 | Lair:2   | Found a blossoming altar of Fedhas.
 26850 | Lair:4   | Found a hole to the Spider Nest.
 27141 | Lair:4   | Found a staircase to the Shoals.
 27373 | Lair:5   | Noticed Urug
 27381 | Lair:5   | Killed Urug
 27649 | Lair:5   | Found a staircase to the Slime Pits.
 28135 | Lair:6   | Entered Level 6 of the Lair of Beasts
 28525 | Lair:6   | Reached XP level 16. HP: 108/129 MP: 19/21
 29242 | Lair:6   | Found a burning altar of Makhleb.
 29478 | Lair:6   | Found a gateway to Hell.
 29959 | D:14     | Reached skill level 16 in Long Blades
 30217 | D:14     | Found a gate to the Vaults.
 30541 | D:15     | Found a shattered altar of Ashenzari.
 30870 | D:15     | Found a staircase to the Depths.
 31363 | Depths:1 | Entered Level 1 of the Depths
 31537 | Depths:1 | Noticed a frost giant
 32090 | Shoals:1 | Entered Level 1 of the Shoals
 32844 | Shoals:1 | Reached XP level 17. HP: 116/137 MP: 21/23
 33227 | Shoals:1 | Noticed Nikola
 33264 | Shoals:1 | Killed Nikola
 33430 | Shoals:2 | Reached skill level 10 in Dodging
 33617 | Shoals:2 | Found Geaz's Jewellery Shop.
 34228 | Shoals:3 | Reached skill level 1 in Throwing
 35279 | Shoals:3 | Reached skill level 17 in Long Blades
 35507 | Shoals:3 | Noticed Aizul
 35527 | Shoals:3 | Killed Aizul
 36228 | Shoals:4 | Entered Level 4 of the Shoals
 36776 | Shoals:4 | Reached XP level 18. HP: 145/145 MP: 25/25
 36842 | Shoals:4 | Noticed a kraken
 37627 | Shoals:4 | Noticed a kraken
 37642 | Shoals:4 | Killed a kraken
 37707 | Shoals:4 | Got a barnacled rune of Zot
 38031 | Shoals:4 | Reached skill level 10 in Evocations
 38524 | Spider:1 | Entered Level 1 of the Spider Nest
 39462 | Spider:2 | Identified Roxanne's Handbook of Transmutation
 39462 | Spider:2 | Noticed Roxanne
 39507 | Spider:2 | Noticed Jorgrun
 39525 | Spider:2 | Killed Jorgrun
 39663 | Spider:2 | Got a twitching lead ring
 39665 | Spider:2 | Identified the ring "Odaolir" {+Blink AC+2} (You found it
                  | on level 2 of the Spider Nest)
 39694 | Spider:2 | Reached skill level 5 in Throwing
 39777 | Spider:2 | Reached XP level 19. HP: 147/153 MP: 26/26
 39904 | Spider:2 | Noticed Frances
 39924 | Spider:2 | Killed Frances
 39924 | Spider:2 | Reached skill level 18 in Long Blades
 40180 | Spider:2 | Killed Roxanne
 40566 | Spider:3 | Noticed Azrael
 40580 | Spider:3 | Killed Azrael
 40816 | Spider:3 | Got a clouded graven amulet
 41302 | Spider:4 | Entered Level 4 of the Spider Nest
 41536 | Spider:4 | Identified the amulet "Reghyv" {Gourm Int+4 Stlth+} (You
                  | found it on level 3 of the Spider Nest)
 42802 | Spider:4 | Got a gossamer rune of Zot
 42924 | Spider:4 | Noticed Arachne
 42946 | Spider:4 | Killed Arachne
 43841 | Elf:1    | Entered Level 1 of the Elven Halls
 43857 | Orc:2    | Reached XP level 20. HP: 129/161 MP: 28/28
 43958 | Elf:1    | Reached skill level 15 in Fighting
 44028 | Elf:1    | Found Hian Qonigg's Gadget Shop.
 44033 | Elf:1    | Found Bur Men's General Store.
 44041 | Elf:1    | Noticed an Ice Fiend
 44689 | Elf:1    | Noticed an Ice Fiend
 44723 | Elf:1    | Found a runed translucent gate.
 44723 | Elf:1    | Found a runed translucent gate.
 44723 | Elf:1    | Found a runed translucent gate.
 44723 | Elf:1    | Found a runed translucent gate.
 44723 | Elf:1    | Found a runed translucent gate.
 44724 | Elf:1    | Found a runed translucent gate.
 44828 | D:10     | Bought a scroll of acquirement for 572 gold pieces
 44832 | D:10     | Got a brightly glowing jade ring
 44833 | D:10     | Identified the ring "Zusoehid" {+Blink rC- AC+3 Dex+4} (You
                  | acquired it on level 10 of the Dungeon)
 44963 | Elf:1    | Reached skill level 15 in Shields
 45277 | Elf:1    | Got an ichor-stained helmet
 46043 | Elf:2    | Found a portal to a secret trove of treasure.
 46090 | Elf:2    | Found a runed translucent gate.
 46090 | Elf:2    | Found a runed translucent gate.
 46090 | Elf:2    | Found a runed translucent gate.
 46120 | Elf:2    | Reached skill level 19 in Long Blades
 46426 | Elf:3    | Entered Level 3 of the Elven Halls
 47189 | Elf:3    | Reached XP level 21. HP: 120/169 MP: 29/29
 47609 | Elf:3    | Identified the -6 buckler of a bailey {*Contam rF+ rN+++
                  | MR+}
 47818 | Elf:3    | Noticed a Tzitzimitl
 47887 | Elf:3    | Identified the cursed +0 scale mail of Fedehuc {Dex+2}
 47919 | Elf:3    | Cast into level 3 of the Abyss (a deep elf sorcerer)
 48022 | Elf:3    | Escaped the Abyss
 48156 | Elf:3    | Identified the +12 plate armour of Free Will {rF+ rC+ rN+++
                  | Slay-6}
 48191 | Elf:3    | Identified the Papyrus of Earthen Enchantment
 48202 | Elf:3    | Got a pair of steaming gloves
 48208 | Elf:3    | Identified the +4 pair of gloves of the Unbroken {*Slow
                  | rPois Str+4 Dex+4} (You found it on level 3 of the Elven
                  | Halls)
 48228 | Elf:3    | Identified Xoledao's Reference Book on the Oath
 48567 | Elf:3    | Got a brightly glowing arbalest
 48805 | Vaults:1 | Entered Level 1 of the Vaults
 49725 | Vaults:1 | Found Ijuat's Book Shoppe.
 50328 | Vaults:2 | Reached XP level 22. HP: 161/177 MP: 31/31
 50675 | Vaults:2 | Reached skill level 15 in Armour
 50885 | Vaults:2 | Reached skill level 20 in Long Blades
 52185 | Vaults:3 | Found a staircase to the Crypt.
 52291 | Vaults:4 | Found a flickering gateway to a bazaar.
 52306 | Bazaar   | Entered a bazaar
 52320 | Bazaar   | Found Padop's Armour Emporium.
 52341 | Bazaar   | Found Cextyste's Distillery.
 52341 | Bazaar   | Found Otweom's Armour Shoppe.
 52363 | Bazaar   | Found Fuzaun's Assorted Antiques.
 52383 | Bazaar   | Found Hutoucao's Jewellery Shoppe.
 52425 | Bazaar   | Bought a scroll of enchant weapon for 157 gold pieces
 52454 | Bazaar   | Bought a potion of heal wounds for 65 gold pieces
 52454 | Bazaar   | Bought a potion of heal wounds for 65 gold pieces
 52454 | Bazaar   | Bought a potion of resistance for 130 gold pieces
 52454 | Bazaar   | Bought a potion of agility for 52 gold pieces
 52454 | Bazaar   | Bought a potion of curing for 39 gold pieces
 52471 | Bazaar   | Bought the +3 large shield of Refuge {rPois rF+ MR- Dex+6}
                  | for 599 gold pieces
 52535 | Bazaar   | Bought a phial of floods for 840 gold pieces
 52813 | Vaults:4 | Reached XP level 23. HP: 185/185 MP: 32/32
 53063 | Vaults:4 | Reached skill level 10 in Throwing
 53940 | Vaults:5 | Entered Level 5 of the Vaults
 54036 | Vaults:5 | Noticed a golden dragon
 54039 | Vaults:5 | Noticed a golden dragon
 54079 | Vaults:5 | Killed a golden dragon
 54125 | Vaults:5 | Reached XP level 24. HP: 185/193 MP: 33/33
 54125 | Vaults:5 | Killed a golden dragon
 54126 | Vaults:5 | Reached skill level 21 in Long Blades
 54503 | Vaults:5 | Noticed Margery
 54515 | Vaults:5 | Killed Margery
 54525 | Vaults:5 | Found Nisuxt's Magic Scroll Shoppe.
 54531 | Vaults:5 | Bought a scroll of enchant armour for 172 gold pieces
 54533 | Vaults:5 | Identified the Handbook of Creation
 54895 | Vaults:5 | Identified the +10 triple crossbow "Piaf" {venom, rF- Str+3
                  | Dex+5}
 54896 | Vaults:5 | Identified the amulet "Pekun" {+Blink +Rage}
 54897 | Vaults:5 | Identified the +4 mace of Fortitude {crush, rF+}
 55032 | Vaults:5 | Got a wavering tin ring
 55033 | Vaults:5 | Identified the ring "Zoix" {rPois rF- Str-2 SInv Stlth+}
                  | (You found it on level 5 of the Vaults)
 55066 | Vaults:5 | Identified the Handbook of Confrontation and Venom
 55381 | Vaults:5 | Identified the Collected Works on Frigorific Enhancements
 55393 | Vaults:5 | Got a silver rune of Zot
 55951 | Depths:1 | Reached XP level 25. HP: 196/202 MP: 33/33
 56410 | Depths:2 | Found Mihelaep's Assorted Antiques.
 56451 | Depths:2 | Bought a potion of heal wounds for 160 gold pieces
 56510 | Depths:2 | Found Wachioc's Gadget Boutique.
 56555 | Depths:2 | Found a gateway to a ziggurat.
 57110 | Depths:2 | Found Naistysm's Antique Weapon Shoppe.
 57590 | Depths:3 | Found Beom's Weapon Shoppe.
 57598 | Depths:3 | Found Iqecuif's Book Shoppe.
 57608 | Depths:3 | Reached skill level 22 in Long Blades
 57667 | Depths:3 | Reached skill level 15 in Evocations
 57834 | Depths:3 | Found a one-way gate to the infinite horrors of the Abyss.
 58007 | Depths:4 | Noticed Frederick
 58023 | Depths:4 | Killed Frederick
 58044 | Depths:4 | Reached XP level 26. HP: 211/211 MP: 34/34
 58116 | Depths:4 | Identified the +0 faerie dragon scales {+Fly rCorr}
 58116 | Depths:4 | Noticed the Enchantress
 58130 | Depths:4 | Killed the Enchantress
 58278 | Depths:4 | Found a corrupted altar of Lugonu.
 58948 | Depths:4 | Found the +9 scales of the Dragon King {rPois rF+ rC+ MR+}
 59242 | Depths:5 | Entered Level 5 of the Depths
 59479 | Depths:5 | Got a translucent silver ring
 59693 | Depths:5 | Found a gate to the Realm of Zot.
 59775 | Depths:5 | Reached XP level 27. HP: 219/219 MP: 34/34
 60042 | Depths:5 | Reached skill level 15 in Dodging
 60124 | Hell     | Entered the Vestibule of Hell
 60124 | Hell     | Noticed Geryon
 60511 | Hell     | Found a gateway to the ashen valley of Gehenna.
 60549 | Hell     | Reached skill level 23 in Long Blades
 60557 | Hell     | Killed Geryon
 60711 | Hell     | Identified the ring "Usugg" {+Fly rC++ Stlth-} (You found
                  | it on level 5 of the Depths)
 60754 | Hell     | Found a gateway to the Iron City of Dis.
 60974 | Hell     | Found a gateway to the freezing wastes of Cocytus.
 61088 | Coc:1    | Entered Level 1 of Cocytus
 61645 | Coc:3    | Noticed a shard shrike
 61864 | Coc:5    | Noticed a shard shrike
 61873 | Coc:5    | Killed a shard shrike
 62046 | Coc:7    | Entered Level 7 of Cocytus
 62779 | Coc:3    | Noticed a shard shrike
 62779 | Coc:3    | Noticed a shard shrike
 62781 | Coc:3    | Noticed a shard shrike
 62785 | Coc:3    | Killed a shard shrike
 62791 | Coc:3    | Killed a shard shrike
 62794 | Coc:3    | Killed a shard shrike
 62804 | Coc:3    | Killed a shard shrike
 63112 | Coc:6    | Noticed a shard shrike
 63114 | Coc:6    | Killed a shard shrike
 63387 | Coc:7    | Noticed a shard shrike
 63387 | Coc:7    | Noticed a shard shrike
 63393 | Coc:7    | Killed a shard shrike
 63393 | Coc:7    | Reached skill level 24 in Long Blades
 63396 | Coc:7    | Killed a shard shrike
 63428 | Coc:7    | Noticed Antaeus
 63442 | Coc:7    | Mangled by Antaeus

Levels and vault maps discovered:
D:1:      dpeg_arrival_brainrot, layout_loops_corners, solitary_fountain,
          hangedman_decor_points
D:2:      layout_basic, nicolae_ru_path_of_blood,
          nicolae_overflow_crystal_walls, first_ration,
          nemelex_lonely_heart_becter
D:3:      layout_loops_ring, chequers_ecumenical_altar_simple, tgw_sif,
          uniq_natasha, uniq_grinder
D:4:      minmay_recursive_quarters, layout_cave_pods,
          minmay_a_box_with_orc_wizards_in_it, uniq_eustachio, uniq_edmund
D:5:      layout_cave_pools, minitemple, minmay_temple_entry_waves,
          serial_shops, shop, nemelex_xobeh_ov_fountains_minmay, uniq_sigmund
D:6:      layout_loops_cross, elyvilon_altar_5
D:7:      layout_rooms, tso_oasis_becter
D:8:      layout_basic, kennysheep_little_box, serial_ice, serial_ice_k,
          serial_ice_d, serial_ice_n, serial_ice_e, xom_redecorated
D:9:      layout_roguey, grunt_temple_overflow_lords_of_destruction, uniq_pikel
D:10:     layout_cave_pools, minmay_lair_entry_grove, serial_shops,
          nicolae_shop_waterfront, grunt_ogre_cave
D:11:     layout_stronghold, zombieorc2_lemuel, serial_shops,
          kennysheep_mini_moat, grunt_potential
D:12:     layout_gridville, serial_shops,
          nicolae_shop_competitors_out_of_business, bh_circular_ruins,
          uniq_psyche
D:13:     layout_basic
D:14:     layout_loops_corners, grunt_vaults_entry_fortified, basic_altar,
          minmay_misc_feat_doors, chequers_serial_rivers_small_3
D:15:     grunt_enter_depths_hoard, layout_basic, serial_shops,
          nicolae_shop_stone, lemuel_doored_altar
Temple:   minmay_temple_curvy_loop
Lair:1:   layout_long_grid, uniq_gastronok
Lair:2:   layout_roguey, tgw_fedhas
Lair:3:   regret_index_bee_streams, layout_gridlike, lemuel_fruit_tree
Lair:4:   layout_misc_corridors, elwin_shoals_entry_stream,
          spider_nest_entry_web_field, serial_bayou, serial_bayou_pond_d,
          serial_bayou_pond_e, serial_bayou_pond_c, serial_bayou_pond_c,
          minmay_holes, infiniplex_staircase_pool_2
Lair:5:   layout_concentric_octagons, minmay_slime_entry_jelly_boxes,
          infiniplex_staircase_pool, uniq_urug
Lair:6:   evil_forest, layout_regular_city
Shoals:1: layout_shoals, uniq_nikola
Shoals:2: layout_shoals, serial_shops, shop
Shoals:3: layout_shoals, uniq_aizul
Shoals:4: shoals_end_hangedman, layout_shoals, nicolae_shoals_aquamancer_cove
Spider:1: layout_spider_delve
Spider:2: layout_spider_delve, nicolae_orb_island, uniq_jorgrun, uniq_frances,
          uniq_roxanne
Spider:3: cheibrodos_forgotten_conduit, nicolae_spider_cling_ruins, uniq_azrael
Spider:4: grunt_spider_rune_parallel, uniq_arachne
Orc:1:    layout_diamond_mine, serial_shops, nicolae_shop_waterfront,
          biasface_ghost_orc_armoury
Orc:2:    pf_orc_diabolical, layout_diamond_mine, serial_shops,
          nicolae_shop_waterfront, shop, basic_altar, gauntlet_entry_generic,
          uniq_nessos
Elf:1:    layout_gridlike, orc_legates, minmay_the_grid_square_5x5_3x3_mashed
          [minmay_the_grid_square_5x5_one_wall,
          minmay_the_grid_square_5x5_spiral,
          minmay_the_grid_square_5x5_three_small,
          minmay_the_grid_square_5x5_two_small,
          minmay_the_grid_square_5x5_megaprize_hollow,
          minmay_the_grid_square_5x5_six_small, minmay_the_grid_square_5x5_two,
          minmay_the_grid_square_5x5_half_checkered,
          minmay_the_grid_square_5x5_six], minmay_shoptagon, grunt_megastairs_1
Elf:2:    layout_loops_cross, enter_trove_5
Elf:3:    minmay_elf_hall_curves, layout_loops_ring, minmay_fountain_box
Vaults:1: vaults_dpeg_hooks, v_misc_12, vaults_room_grid,
          vaults_room_grunt_arrival_ludios, nicolae_vaults_little_ls, v_misc_24,
          nicolae_vaults_windows_and_doors_thing,
          nicolae_vaults_ring_of_whatevers, layout_vaults_quadrants,
          serial_shops, shop
Vaults:2: vaults_room_fancy_cross, nicolae_vaults_sealed_display,
          vaults_room_door_ring, v_pattern_4, st_lattice, v_rooms_1,
          nicolae_vaults_theta, vaults_dpeg_cross, vaults_room_hallway,
          layout_vaults_big_room
Vaults:3: v_misc_9, minmay_crypt_entry_skeletal_spiral, vaults_room_corners,
          nicolae_vaults_angled_halls, ontoclasm_vaults_gateway,
          hangedman_vaults_stitches, v_pattern_1, v_misc_30, v_alt_pattern_2,
          ontoclasm_vaults_fault, ontoclasm_vaults_ring_small, vaults_room_pool,
          hangedman_vaults_corner_blocks, layout_vaults_maze_snakey
Vaults:4: v_misc_1, vaults_mumra_minichess_inversion, hangedman_vaults_capsules,
          grunt_vaults_focal, hangedman_vaults_cutoff, v_misc_3,
          ontoclasm_vaults_loading_screen, v_misc_3, nicolae_vaults_octagons,
          vaults_dpeg_diagonal, nicolae_vaults_little_squares_6, v_misc_13,
          vaults_room_semicircle, layout_vaults_ring, serial_shops, bzr_firewalk
Vaults:5: uniq_margery
Depths:1: layout_cave_pools, serial_rivers, chequers_serial_rivers_marsh,
          chequers_serial_rivers_large_b, chequers_serial_rivers_micro_d,
          chequers_serial_rivers_micro_d, chequers_serial_rivers_micro_c,
          hell_entry, minmay_misc_feat_square, minmay_misc_feat_alley,
          minmay_hollow_rounded_squares
Depths:2: minmay_box_of_statues, layout_cave_shapes, enter_ziggurat_f,
          serial_shops, shop_coins, shop, shop, grunt_hell_entry_dis_mu,
          hangedman_decor_diamond_cutter, chequers_jeans, minivault_16,
          drop_trap
Depths:3: minmay_bloctagon_deflated, layout_cross, minmay_room_of_horrors,
          rand_demon_pan_entry_5, minmay_misc_feat_rugged, hell_entry,
          minmay_shop_star
Depths:4: lemuel_traditional_vault, layout_gridville, abyss_entry_flame_altar,
          hell_entry, rand_demon_pan_entry_8, wad_floor_pattern_2,
          uniq_frederick, uniq_enchantress
Depths:5: grunt_zot_entry_gee_three, layout_twisted_cross, hellmouth_1,
          lemuel_statue_altar, st_stairs_9
Hell
Coc:1:    layout_cocytus_water_paths
Coc:2:    layout_ice_bergs
Coc:3:    layout_ice_bergs, serial_ice, serial_ice_h
Coc:4:    layout_cocytus_water_paths
Coc:5:    layout_cocytus_water_paths
Coc:6:    layout_ice_bergs
Coc:7:    coc_grunt_cove [coc_grunt_cove_antaeus, coc_grunt_cove_fiend,
          coc_grunt_cove_fiend, coc_grunt_cove_fiend, coc_grunt_cove_fiend]
Abyss:3
Bazaar:   bazaar_long_row
Gauntlet: gammafunk_gauntlet_one_two_three [nicolae_gauntlet_arena_grate_2,
          gammafunk_gauntlet_arena_chambers, gammafunk_gauntlet_arena_split_x,
          gammafunk_gauntlet_arena_spirals, gammafunk_gauntlet_arena_mazey,
          nicolae_gauntlet_arena_x, nicolae_gauntlet_arena_flowing_pool,
          gammafunk_gauntlet_arena_teeth,
          minmay_gauntlet_arena_make_your_own_arena, gauntlet_exit_hidden_loot]

Skill      XL: |  1  2  3  4  5  6  7  8  9 10 11 12 13 14 15 16 17 18 19 20 21 22 23 24 25 26 27 |
---------------+----------------------------------------------------------------------------------+-----
Shields        | 4 5 6 7 8 10 11 12 13 14 15 16 17 18 20 | 20.0
Dodging        | 1 2 3 4 5 6 7 8 9 10 11 12 13 14 16 | 16.0
Long Blades    | 3 4 5 6 7 8 9 12 13 14 15 16 17 18 19 20 21 22 24 | 24.0
Armour         | 4 5 6 7 8 9 10 11 12 13 14 15 16 17 18 | 18.7
Fighting       | 4 5 6 7 8 10 11 12 13 14 15 16 17 18 19 | 19.4
Stealth        | 1 3 5 6 |  6.8
Evocations     | 2 4 5 7 8 9 10 11 12 13 14 15 17 | 17.1
Throwing       | 3 5 6 7 8 9 10 11 12 14 | 14.4

Action                   |  1- 3 |  4- 6 |  7- 9 | 10-12 | 13-15 | 16-18 | 19-21 | 22-24 | 25-27 || total
-------------------------+-------+-------+-------+-------+-------+-------+-------+-------+-------++-------
Melee: Long sword        |    82 |   135 |   476 |  1107 |  1166 |       |       |       |       ||  2966
       Great sword       |       |       |       |   243 |   115 |       |       |       |       ||   358
       Spear             |       |       |       |       |     4 |       |       |       |       ||     4
       Scimitar          |       |       |       |       |   633 |   131 |       |       |       ||   764
       Double sword      |       |       |       |       |       |  1697 |  1319 |       |       ||  3016
       Demon blade       |       |       |       |       |       |       |   486 |  1667 |  4092 ||  6245
Invok: Lunge             |       |       |    16 |    64 |   103 |   122 |   110 |    90 |   235 ||   740
       Whirlwind         |       |       |    51 |   343 |   359 |   394 |   358 |   183 |  1420 ||  3108
       Serpent's Lash    |       |       |       |       |     1 |     2 |     2 |     1 |     2 ||     8
       Heavenly Storm    |       |       |       |       |     1 |       |       |     4 |     1 ||     6
 Abil: Shaft Self        |     1 |       |       |       |       |       |       |       |       ||     1
       Dig               |       |       |       |       |     2 |     2 |       |       |       ||     4
       Wall Jump         |       |       |       |       |    11 |     4 |     2 |     3 |     6 ||    26
       Evoke Invisibilit |       |       |       |       |       |     1 |       |     1 |       ||     2
Evoke: Wand              |       |       |     2 |     5 |    16 |     2 |     1 |       |       ||    26
       Lamp of fire      |       |       |       |       |       |     2 |     2 |     2 |     3 ||     9
       Sack of spiders   |       |       |       |       |       |     5 |       |       |       ||     5
       Lightning rod     |       |       |       |       |       |       |       |     1 |       ||     1
       Phial of floods   |       |       |       |       |       |       |       |     1 |       ||     1
       Horn of Geryon    |       |       |       |       |       |       |       |       |     1 ||     1
  Use: Potion            |     2 |       |       |     2 |       |     6 |       |     4 |     2 ||    16
       Scroll            |       |       |     9 |     4 |    18 |     5 |    10 |     7 |     3 ||    56
 Stab: Sleeping          |       |       |     8 |    32 |    43 |    30 |    27 |    24 |    10 ||   174
       Distracted        |       |       |       |     4 |     5 |     4 |     6 |     1 |     4 ||    24
       Invisible         |       |       |       |       |       |     6 |       |     6 |       ||    12
       Held in net/web   |       |       |       |       |       |     2 |       |       |       ||     2
  Eat: Chunk             |     1 |     8 |    16 |    21 |    39 |    33 |    30 |    27 |    32 ||   207
       Ration            |       |       |       |     4 |       |     2 |     3 |       |       ||     9
Armor: Scale mail        |    23 |    42 |     2 |       |       |       |       |       |       ||    67
       Shadow dragon sca |       |       |   158 |   477 |   452 |   577 |   520 |   392 |   169 ||  2745
       Gold dragon scale |       |       |       |       |       |       |       |       |   787 ||   787
Dodge: Dodged            |    37 |   150 |   224 |   717 |   644 |   805 |   474 |   603 |  1062 ||  4716
Block: Shield            |    56 |   127 |   287 |   831 |   797 |  1058 |   819 |       |       ||  3975
       Reflection        |       |       |       |       |       |       |    51 |       |       ||    51
       Large shield      |       |       |       |       |       |       |   283 |  1373 |  2934 ||  4590
       Rpst.: Long sword |     8 |    44 |    62 |   147 |    89 |       |       |       |       ||   350
       Great sword       |       |       |       |    19 |    11 |       |       |       |       ||    30
       Scimitar          |       |       |       |       |    78 |     9 |       |       |       ||    87
       Double sword      |       |       |       |       |       |   143 |    84 |       |       ||   227
       Demon blade       |       |       |       |       |       |       |    16 |   125 |   166 ||   307

Table legend:
 A = Non-vault XP
 B = Vault XP
 C = Vault XP percentage of total XP
 D = Non-vault monster count
 E = Vault monster count
 F = Vault count percentage of total count
                 A         B        C        D         E       F
            +---------+---------+-------+---------+---------+-------
      Total |  740857 |  623870 |  45.7 |    1670 |     908 |  35.2
            +---------+---------+-------+---------+---------+-------
        D:1 |      25 |       2 |   7.4 |      14 |       1 |   6.7
        D:2 |      64 |       0 |   0.0 |      16 |       0 |   0.0
        D:3 |      75 |     538 |  87.8 |      23 |       4 |  14.8
        D:4 |     156 |     281 |  64.3 |      14 |       5 |  26.3
        D:5 |     851 |     212 |  19.9 |      25 |       1 |   3.8
        D:6 |     724 |     202 |  21.8 |      17 |       1 |   5.6
        D:7 |     783 |     111 |  12.4 |      19 |       1 |   5.0
        D:8 |    1311 |    1143 |  46.6 |      32 |      12 |  27.3
        D:9 |    1842 |    1549 |  45.7 |      22 |       9 |  29.0
       D:10 |    1981 |    1280 |  39.3 |      13 |       8 |  38.1
       D:11 |    4079 |    2218 |  35.2 |      39 |      47 |  54.7
       D:12 |    1987 |     490 |  19.8 |      14 |       3 |  17.6
       D:13 |    5797 |       0 |   0.0 |      30 |       0 |   0.0
       D:14 |    5005 |    6837 |  57.7 |      15 |      10 |  40.0
       D:15 |   12559 |    2037 |  14.0 |      38 |       2 |   5.0
     Lair:1 |    3614 |       0 |   0.0 |      19 |       0 |   0.0
     Lair:2 |    5852 |       0 |   0.0 |      21 |       0 |   0.0
     Lair:3 |    3472 |    5958 |  63.2 |      18 |      48 |  72.7
     Lair:4 |    3801 |    1362 |  26.4 |      18 |       4 |  18.2
     Lair:5 |    3182 |    1396 |  30.5 |      13 |      15 |  53.6
     Lair:6 |   15298 |    8916 |  36.8 |      53 |      26 |  32.9
   Shoals:1 |   12386 |    4035 |  24.6 |      23 |       1 |   4.2
   Shoals:2 |   15790 |       0 |   0.0 |      35 |       0 |   0.0
   Shoals:3 |   19631 |    3855 |  16.4 |      39 |       3 |   7.1
   Shoals:4 |   12492 |   22611 |  64.4 |      30 |      35 |  53.8
   Spider:1 |   15882 |       0 |   0.0 |      47 |       0 |   0.0
   Spider:2 |   15192 |   10730 |  41.4 |      49 |       8 |  14.0
   Spider:3 |   12635 |    8452 |  40.1 |      33 |      18 |  35.3
   Spider:4 |   10110 |   26786 |  72.6 |      25 |      50 |  66.7
      Orc:1 |    2596 |    5432 |  67.7 |      35 |      18 |  34.0
      Orc:2 |    5739 |   18327 |  76.2 |      55 |      61 |  52.6
      Elf:1 |   11801 |   22262 |  65.4 |      15 |      40 |  72.7
      Elf:2 |   16936 |    6732 |  28.4 |      25 |       7 |  21.9
      Elf:3 |   13443 |   46109 |  77.4 |      22 |      31 |  58.5
   Vaults:1 |   18962 |   13178 |  41.0 |      35 |      16 |  31.4
   Vaults:2 |   29838 |   17148 |  36.5 |      50 |      22 |  30.6
   Vaults:3 |   17113 |   21842 |  56.1 |      30 |      42 |  58.3
   Vaults:4 |   32764 |   36280 |  52.5 |      54 |      41 |  43.2
   Vaults:5 |   38418 |  110194 |  74.1 |      59 |      84 |  58.7
   Depths:1 |   24213 |    8730 |  26.5 |      33 |       9 |  21.4
   Depths:2 |   26256 |   21589 |  45.1 |      45 |      22 |  32.8
   Depths:3 |   35581 |   11696 |  24.7 |      34 |      23 |  40.4
   Depths:4 |   29820 |   58772 |  66.3 |      38 |      38 |  50.0
   Depths:5 |   51618 |   33556 |  39.4 |      57 |      27 |  32.1
       Hell |   29069 |   37017 |  56.0 |      45 |      44 |  49.4
      Coc:1 |    5928 |       0 |   0.0 |      22 |       0 |   0.0
      Coc:2 |   40381 |       0 |   0.0 |      73 |       0 |   0.0
      Coc:3 |   23868 |       0 |   0.0 |      11 |       0 |   0.0
      Coc:4 |    5505 |       0 |   0.0 |      17 |       0 |   0.0
      Coc:5 |   31580 |       0 |   0.0 |      57 |       0 |   0.0
      Coc:6 |   25530 |       0 |   0.0 |      50 |       0 |   0.0
      Coc:7 |   34562 |   39636 |  53.4 |      51 |      55 |  51.9
    Abyss:3 |    2760 |     219 |   7.4 |       3 |       1 |  25.0
   Gauntlet |       0 |    4150 | 100.0 |       0 |      15 | 100.0
            +---------+---------+-------+---------+---------+-------
